 Dungeon Crawl Stone Soup version 0.19.5 (webtiles) character file.

158 sveltemanboy the Poker (level 5, -10/43 HPs)
             Began as a Demonspawn Monk on Apr 4, 2017.
             Was an Initiate of Gozag.
             Mangled by an ogre
             ... wielding a +0 giant club
              (28 damage)
             ... on level 4 of the Dungeon.
             The game lasted 00:07:53 (2885 turns).

sveltemanboy the Poker (Demonspawn Monk)            Turns: 2885, Time: 00:07:54

Health: -10/43     AC: 10    Str: 12    XL:     5   Next: 16%
Magic:  5/5        EV: 10    Int: 11    God:    Gozag
Gold:   232        SH:  0    Dex: 16    Spells: 0 memorised, 4 levels left

rFire  . . .     SeeInvis .     f - +0 trident
rCold  . . .     Gourm    .     o - +0 scale mail
rNeg   . . .     Faith    .     (no shield)
rPois  .         Spirit   .     (no helmet)
rElec  .         Reflect  .     (no cloak)
rCorr  .         Harm     .     (no gloves)
MR     .....                    a - +0 pair of boots
Stlth  +.........               (no amulet)
                                (no ring)
                                p - ring of flight

@: gold aura
A: rugged brown scales 3
a: Potion Petition, Call Merchant, Bribe Branch, Renounce Religion, Evoke Flight


You were on level 4 of the Dungeon.
You worshipped Gozag.
Gozag was aware of your devotion.
You were not hungry.

You visited 1 branch of the dungeon, and saw 4 of its levels.

You collected 232 gold pieces.

Inventory:

Hand Weapons
 f - a +0 trident (weapon)
Armour
 a - a +0 pair of boots (worn)
 o - a +0 scale mail (worn)
Jewellery
 p - a ring of flight (left hand)
Scrolls
 b - a scroll of recharging {unknown}
 d - 5 scrolls of remove curse {unknown}
 e - a scroll of amnesia {unknown}
 h - 6 scrolls of identify {unknown}
 k - 2 scrolls of blinking {unknown}
 r - a scroll of fog {unknown}
 u - a scroll of magic mapping {unknown}
Potions
 g - a potion of flight {unknown}
 i - 2 potions of lignification {unknown}
 j - 2 potions of curing {unknown}
 l - 2 potions of might {unknown}
 n - 2 potions of agility {unknown}
 s - a potion of mutation {unknown}
 v - a potion of brilliance {unknown}
 w - a potion of ambrosia {unknown}
Comestibles
 c - 3 bread rations
 m - 2 meat rations
 q - a slice of pizza


   Skills:
 - Level 3.0 Fighting
 * Level 4.6 Polearms
 + Level 2.2 Armour
 + Level 2.8 Dodging
 - Level 1.7 Stealth


You had 4 spell levels left.
You didn't know any spells.

Dungeon Overview and Level Annotations

Branches:
Dungeon (4/15)
 Temple: D:4-7

Altars:
Gozag


Innate Abilities, Weirdness & Mutations

You are completely covered in rugged brown scales. (AC +3, +7% HP)


Message History

You hit the ogre.
The ogre is lightly wounded.
The ogre hits you with a giant club!
You completely miss the ogre.
The ogre is lightly wounded.
You closely miss the ogre.
The ogre is lightly wounded.
The ogre hits you with a giant club.
You hit the ogre.
The ogre is lightly wounded.
The ogre barely misses you.
You hit the ogre.
The ogre is moderately wounded.
The ogre hits you with a giant club!
You hit the ogre.
The ogre is moderately wounded.
The ogre hits you with a giant club!!
Ouch! That really hurt!
You die...
Your body crumbles into a pile of gold.

.............#<......#.
#............###.##....
#.......####....... ...
#.......####.###..... .
.......................
.
#####........#.......#.
... ###......#.#..#..#
.....#####......#
..#..#
.......OO@......#
.......###.#......
..#.... ..#....#.#
#.... .......#.. ......
........# .......
...#...##
%...............
....... ......


You could see 2 ogres.

Vanquished Creatures
  A hound (D:2)
  A worker ant (D:4)
  4 adders
  A worm (D:2)
  A leopard gecko (D:1)
  An orc (D:3)
  6 bats
  7 giant cockroaches
  10 goblins
  7 hobgoblins
  7 jackals (D:4)
  A quokka (D:2)
  4 frilled lizards
  7 kobolds
  4 rats
62 creatures vanquished.

Notes
Turn   | Place    | Note
-------+----------+-------------------------------------------
     0 | D:1      | sveltemanboy the Demonspawn Monk began the quest for the Orb.
     0 | D:1      | Reached XP level 1. HP: 18/18 MP: 1/1
    34 | D:1      | Reached skill level 3 in Polearms
    81 | D:1      | Gained mutation: You are partially covered in rugged brown scales. (AC +1, +3% HP) [demonic ancestry]
    81 | D:1      | Reached XP level 2. HP: 17/24 MP: 2/2
   114 | D:1      | HP: 1/24 [hobgoblin/club (5)]
   594 | D:1      | Reached skill level 1 in Armour
  1045 | D:2      | Gained mutation: You are mostly covered in rugged brown scales. (AC +2, +5% HP) [demonic ancestry]
  1045 | D:2      | Reached XP level 3. HP: 22/30 MP: 3/3
  1948 | D:2      | Reached skill level 4 in Polearms
  1948 | D:2      | Reached XP level 4. HP: 25/36 MP: 4/4
  2083 | D:3      | Found an opulent altar of Gozag.
  2099 | D:3      | Became a worshipper of Gozag Ym Sagoz the Greedy
  2630 | D:4      | Gained mutation: You are completely covered in rugged brown scales. (AC +3, +7% HP) [demonic ancestry]
  2630 | D:4      | Reached XP level 5. HP: 16/43 MP: 5/5
  2867 | D:4      | Noticed an ogre
  2868 | D:4      | Noticed an ogre
  2885 | D:4      | Mangled by an ogre

Skill      XL: |  1  2  3  4 |
---------------+-------------+-----
Polearms       | 3 4 |  4.6
Armour         | 1 2 |  2.2
Fighting       | |  3.0
Dodging        | |  2.8
Stealth        | |  1.7

Action                   |  1- 3 |  4- 6 || total
-------------------------+-------+-------++-------
Melee: Spear             |   167 |    56 ||   223
       Trident           |       |    61 ||    61
 Stab: Sleeping          |     6 |       ||     6
  Eat: Chunk             |     3 |     2 ||     5
       Beef jerky        |       |     1 ||     1
Armor: Robe              |     7 |       ||     7
       Scale mail        |    26 |    49 ||    75
Dodge: Dodged            |    69 |    49 ||   118
